SL
LAS VEGAS FLAMINGOS @ MISSISSIPPI MOCKINGBIRDS
09/23/2038
 
TOP OF THE 1ST
Las Vegas Flamingos batting - Pitching for Mississippi Mockingbirds : RHP Sergio Gómez
Pitching: RHP Sergio Gómez
Batting: RHB Joseph Papasogli 0-0: Swinging Strike
0-1: Ground out 6-3 (Groundball, 6, EV 79.4 MPH)
Batting: RHB Sake van Arem 0-0: Ground out 6-3 (Groundball, 56, EV 82.5 MPH)
Batting: LHB Ruud van Ineveld 0-0: Ball
1-0: Foul Ball, location: 2F
1-1: Ground out 6-3 (Groundball, 6M, EV 101.2 MPH)
Top of the 1st over - 0 runs, 0 hits, 0 errors, 0 left on base; Las Vegas 0 - Mississippi 0
BOTTOM OF THE 1ST
Mississippi Mockingbirds batting - Pitching for Las Vegas Flamingos : RHP Hikaru Yamaguchi
Pitching: RHP Hikaru Yamaguchi
Batting: LHB Bob Sanders 0-0: Called Strike
0-1: Ball
1-1: Ball
2-1: Ball
3-1: Foul Ball, location: 2F
3-2: Strikes out swinging
Batting: LHB Rylen Roersma 0-0: Fly out, F9 (Flyball, 9, EV 90.0 MPH)
Batting: RHB Bobby Butterfield 0-0: Ball
1-0: Fly out, F4 (Line Drive, 4, EV 72.5 MPH)
Bottom of the 1st over - 0 runs, 0 hits, 0 errors, 0 left on base; Las Vegas 0 - Mississippi 0
TOP OF THE 2ND
Las Vegas Flamingos batting - Pitching for Mississippi Mockingbirds : RHP Sergio Gómez
Batting: LHB Lao Tian 0-0: Swinging Strike
0-1: SINGLE (Line Drive, 34, EV 100.0 MPH)
Batting: RHB Xavier Hernández 0-0: Called Strike
0-1: Called Strike
0-2: Ball
1-2: DOUBLE (Line Drive, 7LM, EV 103.1 MPH)
Lao Tian to third
Runner from 3rd tries for Home, SAFE, throw by LF to home
Batting: SHB Glyn Bolasky 0-0: Called Strike
0-1: Ball
1-1: Ball
2-1: Called Strike
2-2: Foul Ball, location: 2F
2-2: Ball
3-2: Foul Ball, location: 2F
3-2: Base on Balls
Batting: RHB Bartolo Morales 0-0: Ball
1-0: Fly out, F8 (Line Drive, 8LM, EV 91.9 MPH)
Batting: RHB Esteban León 0-0: Ball
1-0: Ball
2-0: Called Strike
2-1: Called Strike
2-2: Ball
3-2: Fly out, F8 (Flyball, 89M, EV 88.1 MPH)
Batting: RHB Sun-jae Kwak 0-0: Ball
1-0: Ground out 6-3 (Groundball, 6D, EV 101.9 MPH)
Top of the 2nd over - 1 run, 2 hits, 0 errors, 2 left on base; Las Vegas 1 - Mississippi 0
BOTTOM OF THE 2ND
Mississippi Mockingbirds batting - Pitching for Las Vegas Flamingos : RHP Hikaru Yamaguchi
Batting: SHB Sean Worley 0-0: Called Strike
0-1: Foul Ball, location: 2F
0-2: Strikes out swinging
Batting: LHB Javier Sánchez 0-0: SOLO HOME RUN (Flyball, 7D, EV 98.8 MPH), Distance : 348 ft
Batting: SHB Robby Patterson 0-0: Foul Ball, location: 2F
0-1: Ball
1-1: Foul Ball, location: 2F
1-2: Hit by Pitch
Batting: RHB Orlando Velásquez 0-0: Swinging Strike
0-1: Called Strike
0-2: Ball
1-2: Strikes out swinging
Batting: RHB Ellis Greenham 0-0: Called Strike
0-1: Called Strike
0-2: Ball
1-2: Strikes out looking
Bottom of the 2nd over - 1 run, 1 hit, 0 errors, 1 left on base; Las Vegas 1 - Mississippi 1
TOP OF THE 3RD
Las Vegas Flamingos batting - Pitching for Mississippi Mockingbirds : RHP Sergio Gómez
Batting: RHB Joseph Papasogli 0-0: SINGLE (Line Drive, 6D, EV 102.5 MPH)
Batting: RHB Sake van Arem 0-0: Swinging Strike
0-1: Ball
Wild Pitch!
Joseph Papasogli to second
1-1: Ball
2-1: Ground out 5-3 (Groundball, 5, EV 103.8 MPH)
Batting: LHB Ruud van Ineveld 0-0: Ball
1-0: Foul Ball, location: 2F
1-1: Foul Ball, location: 2F
1-2: Strikes out looking
Batting: LHB Lao Tian 0-0: Ground out U3 (Groundball, 34, EV 85.0 MPH)
Top of the 3rd over - 0 runs, 1 hit, 0 errors, 1 left on base; Las Vegas 1 - Mississippi 1
BOTTOM OF THE 3RD
Mississippi Mockingbirds batting - Pitching for Las Vegas Flamingos : RHP Hikaru Yamaguchi
Batting: RHB Cornelio Japón 0-0: Called Strike
0-1: Foul Ball, location: 2F
0-2: Fly out, F8 (Flyball, 89S, EV 91.2 MPH)
Batting: LHB Bob Sanders 0-0: Called Strike
0-1: Called Strike
0-2: Ball
1-2: Ball
2-2: Ball
3-2: Foul Ball, location: 2F
3-2: SINGLE (Line Drive, 78M, EV 108.8 MPH)
Batting: LHB Rylen Roersma 0-0: Ball
1-0: Called Strike
Bob Sanders steals 2nd base
1-1: Called Strike
1-2: Ground out 1-4-3 (Groundball, 15S, EV 107.5 MPH)
Bob Sanders to third
Batting: RHB Bobby Butterfield 0-0: Foul Ball, location: 2F
0-1: Ground out 5-3 (Groundball, 5, EV 91.2 MPH)
Bottom of the 3rd over - 0 runs, 1 hit, 0 errors, 1 left on base; Las Vegas 1 - Mississippi 1
TOP OF THE 4TH
Las Vegas Flamingos batting - Pitching for Mississippi Mockingbirds : RHP Sergio Gómez
Batting: RHB Xavier Hernández 0-0: Ground out 6-3 (Groundball, 6, EV 92.5 MPH)
Batting: SHB Glyn Bolasky 0-0: Ball
1-0: Called Strike
1-1: Fly out, F7 (Line Drive, 7, EV 89.4 MPH)
Batting: RHB Bartolo Morales 0-0: Foul Ball, location: 2F
0-1: Called Strike
0-2: Ground out 6-3 (Groundball, 6M, EV 78.8 MPH)
Top of the 4th over - 0 runs, 0 hits, 0 errors, 0 left on base; Las Vegas 1 - Mississippi 1
BOTTOM OF THE 4TH
Mississippi Mockingbirds batting - Pitching for Las Vegas Flamingos : RHP Hikaru Yamaguchi
Batting: SHB Sean Worley 0-0: Ball
1-0: Ball
2-0: Swinging Strike
2-1: Foul Ball, location: 2F
2-2: Foul Ball, location: 2F
2-2: Ball
3-2: Strikes out swinging
Batting: LHB Javier Sánchez 0-0: Ball
1-0: Fly out, F7 (Flyball, 7LM, EV 95.0 MPH)
Batting: SHB Robby Patterson 0-0: Called Strike
0-1: Swinging Strike
0-2: Ball
1-2: Ball
2-2: Strikes out looking
Bottom of the 4th over - 0 runs, 0 hits, 0 errors, 0 left on base; Las Vegas 1 - Mississippi 1
TOP OF THE 5TH
Las Vegas Flamingos batting - Pitching for Mississippi Mockingbirds : RHP Sergio Gómez
Batting: RHB Esteban León 0-0: Ball
1-0: Ground out 4-3 (Groundball, 4S, EV 88.8 MPH)
Batting: RHB Sun-jae Kwak 0-0: Ground out 5-3 (Groundball, 56, EV 86.2 MPH)
Batting: RHB Joseph Papasogli 0-0: Swinging Strike
0-1: Swinging Strike
0-2: Ball
1-2: Ball
2-2: Strikes out swinging
Top of the 5th over - 0 runs, 0 hits, 0 errors, 0 left on base; Las Vegas 1 - Mississippi 1
BOTTOM OF THE 5TH
Mississippi Mockingbirds batting - Pitching for Las Vegas Flamingos : RHP Hikaru Yamaguchi
Batting: RHB Orlando Velásquez 0-0: Ball
1-0: Ball
2-0: Called Strike
2-1: Fly out, F9 (Flyball, 9S, EV 76.2 MPH)
Batting: RHB Ellis Greenham 0-0: Ball
1-0: Ball
2-0: Foul Ball, location: 2F
2-1: Ground out 6-3 (Groundball, 6S, EV 69.4 MPH)
Batting: RHB Cornelio Japón 0-0: Ball
1-0: Ball
2-0: Foul Ball, location: 2F
2-1: Ground out 6-3 (Groundball, 6, EV 86.2 MPH)
Bottom of the 5th over - 0 runs, 0 hits, 0 errors, 0 left on base; Las Vegas 1 - Mississippi 1
TOP OF THE 6TH
Las Vegas Flamingos batting - Pitching for Mississippi Mockingbirds : RHP Sergio Gómez
Batting: RHB Sake van Arem 0-0: Called Strike
0-1: Ball
1-1: Fly out, F9 (Flyball, 9, EV 85.0 MPH)
Batting: LHB Ruud van Ineveld 0-0: Ball
1-0: Called Strike
1-1: Foul Ball, location: 2F
1-2: Foul Ball, location: 2F
1-2: Ground out U3 (Groundball, 3S, EV 81.9 MPH)
Batting: LHB Lao Tian 0-0: Ball
1-0: Called Strike
1-1: Swinging Strike
1-2: Strikes out swinging
Top of the 6th over - 0 runs, 0 hits, 0 errors, 0 left on base; Las Vegas 1 - Mississippi 1
BOTTOM OF THE 6TH
Mississippi Mockingbirds batting - Pitching for Las Vegas Flamingos : RHP Hikaru Yamaguchi
Batting: LHB Bob Sanders 0-0: Ground out 4-3 (Groundball, 4, EV 103.8 MPH)
Batting: LHB Rylen Roersma 0-0: Called Strike
0-1: Ball
1-1: SINGLE (Groundball, 6D, EV 100.0 MPH)
Batting: RHB Bobby Butterfield 0-0: Ball
1-0: Ball
2-0: Ball
3-0: Fielders Choice at 2nd, 1-4 (Groundball, 25, EV 85.6 MPH)
Batting: SHB Sean Worley 0-0: Ball
1-0: Ball
2-0: Called Strike
2-1: Ball
3-1: SINGLE (Line Drive, 6D, EV 97.5 MPH)
Bobby Butterfield to second
Runner from 2nd tries for 3rd, SAFE, throw by CF made to third
Batting: LHB Javier Sánchez 0-0: Foul Ball, location: 2F
0-1: Foul Ball, location: 2F
0-2: Ball
1-2: Ball
2-2: Fly out, F9 (Flyball, 9S, EV 91.2 MPH)
Bottom of the 6th over - 0 runs, 2 hits, 0 errors, 2 left on base; Las Vegas 1 - Mississippi 1
TOP OF THE 7TH
Las Vegas Flamingos batting - Pitching for Mississippi Mockingbirds : RHP Sergio Gómez
Batting: RHB Xavier Hernández 0-0: Ball
1-0: Foul Ball, location: 2F
1-1: Fly out, F9 (Flyball, 89S, EV 74.4 MPH)
Batting: SHB Glyn Bolasky 0-0: Ball
1-0: Ball
2-0: Foul Ball, location: 2F
2-1: Foul Ball, location: 2F
2-2: Ground out 1-3 (Groundball, 34S, EV 76.2 MPH)
Batting: RHB Bartolo Morales 0-0: Ball
1-0: Foul Ball, location: 2F
1-1: SINGLE (Line Drive, 3D, EV 98.8 MPH)
Batting: RHB Esteban León 0-0: Ball
1-0: Called Strike
1-1: Fly out, F3 (Popup, 34S, EV 71.2 MPH)
Top of the 7th over - 0 runs, 1 hit, 0 errors, 1 left on base; Las Vegas 1 - Mississippi 1
BOTTOM OF THE 7TH
Mississippi Mockingbirds batting - Pitching for Las Vegas Flamingos : RHP Hikaru Yamaguchi
Batting: SHB Robby Patterson 0-0: Ball
1-0: Ball
2-0: Ball
3-0: Base on Balls
Batting: RHB Orlando Velásquez 0-0: Bunt missed!
0-1: Sac Bunt to 3S - play at first, batter OUT! 3-4
Robby Patterson to second
Batting: RHB Ellis Greenham 0-0: Called Strike
0-1: Ball
1-1: Ball
2-1: Foul Ball, location: 2F
2-2: Foul Ball, location: 2F
2-2: Foul Ball, location: 2F
2-2: Ball
Balk!
Robby Patterson to third
3-2: Base on Balls
Pitching: RHP Christian Mustard
Batting: RHB Cornelio Japón 0-0: Ball
1-0: Called Strike
1-1: Fly out, F7 (Flyball, 7S, EV 94.4 MPH)
Batting: LHB Bob Sanders 0-0: Ball
1-0: Called Strike
1-1: Ball
2-1: Ball
Wild Pitch!
Robby Patterson scores
Ellis Greenham to second
3-1: Base on Balls
Batting: LHB Rylen Roersma 0-0: Ball
1-0: Called Strike
1-1: Ball
2-1: Foul Ball, location: 2F
2-2: SINGLE (Line Drive, 6MD, EV 105.6 MPH)
Ellis Greenham to third
Bob Sanders to second
Runner from 3rd tries for Home, SAFE, throw by CF to home
Batting: RHB Bobby Butterfield 0-0: SINGLE (Groundball, 56D, EV 106.9 MPH)
Bob Sanders to third
Rylen Roersma to second
Runner from 3rd tries for Home, SAFE, no throw by LF
Batting: SHB Sean Worley 0-0: Foul Ball, location: 2F
0-1: Called Strike
0-2: Fly out, F6 (Line Drive, 6, EV 66.2 MPH)
Bottom of the 7th over - 3 runs, 2 hits, 0 errors, 2 left on base; Las Vegas 1 - Mississippi 4
TOP OF THE 8TH
Las Vegas Flamingos batting - Pitching for Mississippi Mockingbirds : RHP Sergio Gómez
Batting: RHB Sun-jae Kwak 0-0: Ball
1-0: SINGLE (Groundball, 6MD, EV 106.2 MPH)
Batting: RHB Joseph Papasogli 0-0: Fielders Choice at 2nd, 6-4 (Groundball, 6, EV 102.5 MPH)
Batting: RHB Sake van Arem 0-0: Ball
1-0: Swinging Strike
1-1: Ball
2-1: Ball
3-1: Reached on error, E5 (Groundball, 5S, EV 78.1 MPH)
Joseph Papasogli to second
Batting: LHB Ruud van Ineveld 0-0: Foul Ball, location: 2F
0-1: Ball
1-1: Ball
2-1: SINGLE (Groundball, 34, EV 101.2 MPH) (infield hit)
Joseph Papasogli to third
Sake van Arem to second
Pitching: RHP Folkert van Huizen
Batting: LHB Lao Tian 0-0: Swinging Strike
0-1: Grounds into fielders choice 1-2 (Groundball, 13S, EV 66.9 MPH)
Sake van Arem to third
Ruud van Ineveld to second
Batting: RHB Xavier Hernández 0-0: Ball
1-0: Called Strike
1-1: Foul Ball, location: 2F
1-2: Ball
2-2: Strikes out swinging
Top of the 8th over - 0 runs, 2 hits, 1 error, 3 left on base; Las Vegas 1 - Mississippi 4
BOTTOM OF THE 8TH
Mississippi Mockingbirds batting - Pitching for Las Vegas Flamingos : RHP Christian Mustard
Batting: LHB Javier Sánchez 0-0: Fly out, F8 (Flyball, 89M, EV 91.2 MPH)
Batting: SHB Robby Patterson 0-0: Ball
1-0: Ball
2-0: Swinging Strike
2-1: DOUBLE (Line Drive, 3D, EV 93.8 MPH)
Batting: RHB Orlando Velásquez 0-0: Ball
1-0: Ball
2-0: Foul Ball, location: 2F
2-1: Ball
3-1: Called Strike
3-2: Base on Balls
Batting: RHB Ellis Greenham 0-0: Called Strike
0-1: SINGLE (Groundball, 25, EV 71.2 MPH) (infield hit)
Robby Patterson to third
Orlando Velásquez to second
Batting: RHB Cornelio Japón 0-0: Grounds into double play, 5-2-3 (Groundball, 56, EV 97.5 MPH)
Bottom of the 8th over - 0 runs, 2 hits, 0 errors, 2 left on base; Las Vegas 1 - Mississippi 4
TOP OF THE 9TH
Las Vegas Flamingos batting - Pitching for Mississippi Mockingbirds : RHP Folkert van Huizen
Batting: SHB Glyn Bolasky 0-0: Ball
1-0: Called Strike
1-1: Ball
2-1: Ball
3-1: Base on Balls
Batting: RHB Bartolo Morales 0-0: Ball
1-0: Called Strike
1-1: Ball
2-1: Foul Ball, location: 2F
2-2: Foul Ball, location: 2F
2-2: Fly out, F7 (Line Drive, 7, EV 92.5 MPH)
Batting: RHB Esteban León 0-0: Called Strike
0-1: Ball
1-1: Fly out, F8 (Line Drive, 8LM, EV 107.5 MPH)
Batting: RHB Sun-jae Kwak 0-0: Foul Ball, location: 2F
0-1: Ball
1-1: Ball
2-1: Foul Ball, location: 2F
2-2: Foul Ball, location: 2F
2-2: Foul Ball, location: 2F
2-2: Ball
3-2: Strikes out swinging
Top of the 9th over - 0 runs, 0 hits, 0 errors, 1 left on base; Las Vegas 1 - Mississippi 4
Friday, April 17th, 2020 - OOTP Baseball 20.8 Build 74